 Dungeon Crawl Stone Soup version 0.21-a0-630-g344d351 (webtiles) character file.

66 TheGoonsmith the Chopper (level 3, 0/31 HPs)
             Began as a Minotaur Gladiator on Dec 25, 2017.
             Slain by Crazy Yiuf
             ... wielding a +4 quarterstaff of chaos
              (3 damage)
             ... on level 2 of the Dungeon.
             The game lasted 00:02:11 (1060 turns).

TheGoonsmith the Chopper (Minotaur Gladiator)       Turns: 1060, Time: 00:02:12

Health: 0/31       AC:  8    Str: 19    XL:     3   Next: 96%
Magic:  2/2        EV:  2    Int:  5    God:
Gold:   80         SH:  0    Dex: 11    Spells: 2/2 levels left

rFire    . . .     SeeInvis .   a - +0 war axe
rCold    . . .     Gourm    .   (no shield)
rNeg     + + +     Faith    .   l - +0 chain mail
rPois    ∞         Spirit   .   c - +0 hat
rElec    .         Reflect  .   (no cloak)
rCorr    .         Harm     .   (no gloves)
MR       .....                  (no boots)
Stlth    ..........             (no amulet)
HPRegen  0.10/turn              (no ring)
MPRegen  0.08/turn              (no ring)

@: petrified
A: retaliatory headbutt, horns 2
a: no special abilities


You were on level 2 of the Dungeon.
You were not hungry.

You visited 1 branch of the dungeon, and saw 2 of its levels.

You collected 80 gold pieces.

Inventory:

Hand Weapons
 a - a +0 war axe (weapon)
Missiles
 d - 3 throwing nets (quivered)
Armour
 b - a +0 leather armour
 c - a +0 hat (worn)
 l - a +0 chain mail (worn)
Scrolls
 g - a scroll of teleportation {unknown}
 i - a scroll of identify {unknown}
 j - a scroll of magic mapping {unknown}
Potions
 e - 2 potions of lignification {unknown}
 h - a potion of berserk rage {unknown}
 k - a potion of curing {unknown}
Comestibles
 f - 4 rations


   Skills:
 + Level 3.1 Fighting
 * Level 4.6 Axes
 - Level 2.0 Throwing
 + Level 1.6 Armour
 + Level 3.8 Dodging


You had 2 spell levels left.
You didn't know any spells.

Dungeon Overview and Level Annotations

Branches:
Dungeon (2/15)

Altars:

Annotations:
D:2 Crazy Yiuf


Innate Abilities, Weirdness & Mutations

You reflexively headbutt those who attack you in melee.
You have a pair of horns on your head.


Message History

You are slowing down.
Unknown command.
Unknown command.
Unknown command.
You hit Crazy Yiuf. Your headbutt misses Crazy Yiuf.
Crazy Yiuf is moderately wounded.
Crazy Yiuf hits you with a quarterstaff of chaos!
Crazy Yiuf burns you.
You have turned to stone.
Crazy Yiuf barely misses you.
Crazy Yiuf hits you with a quarterstaff of chaos.
Crazy Yiuf hits you with a quarterstaff of chaos.
Crazy Yiuf freezes you.
Crazy Yiuf hits you with a quarterstaff of chaos.
Crazy Yiuf burns you.
Crazy Yiuf hits you with a quarterstaff of chaos.
You are electrocuted!
* * * LOW HITPOINT WARNING * * *
Crazy Yiuf glowers.
Crazy Yiuf hits you with a quarterstaff of chaos!
You die...

######.###..... +...†....'.....
######.###..... #..#....###
#..#....# #########♣♣♣♣♣
#..#....### ...........♣.♣♣♣ ####
#.####'##.. .........P..♣..♣#...#
######.##.. ..........P♣♣♣♣.@g..#
#.........[ .........P♣♣ ♣♣#..)#
######.##.. .....).##♣♣ ####
#.##.. .......# #.#### .......#
### ##.####
.......################.# #...†..
.....................##.# #......
.....................##.###......
###########..........##...'......


You could see Crazy Yiuf.

Vanquished Creatures
  An adder (D:2)
  2 oozes (D:2)
  2 leopard geckos (D:2)
  3 giant cockroaches
  8 goblins
  5 hobgoblins
  4 jackals (D:1)
  A quokka (D:2)
  6 bats
  2 frilled lizards
  4 kobolds (D:1)
  3 rats
41 creatures vanquished.

Notes
Turn   | Place    | Note
-------+----------+-------------------------------------------
     0 | D:1      | TheGoonsmith the Minotaur Gladiator began the quest for the Orb.
     0 | D:1      | Reached XP level 1. HP: 18/18 MP: 0/0
   109 | D:1      | Reached XP level 2. HP: 25/25 MP: 1/1
   121 | D:1      | Reached skill level 4 in Axes
   280 | D:1      | Reached skill level 1 in Armour
   454 | D:1      | Reached XP level 3. HP: 28/30 MP: 2/2
  1047 | D:2      | Found a runed door.
  1051 | D:2      | Noticed Crazy Yiuf
  1060 | D:2      | Slain by Crazy Yiuf

Vault maps used:
D:1:      lightli_arrival_quake
D:2:      lemuel_round_altar, overflow_temple_1_default, uniq_sigmund,
          uniq_crazy_yiuf_cottage

Skill      XL: |  1  2  3 |
---------------+----------+-----
Axes           | 4 |  4.6
Armour         | 1 |  1.6
Fighting       | 3 |  3.1
Throwing       | |  2.0
Dodging        | |  3.8

Action                   || total
-------------------------++-------
Melee: War axe           ||    74
       Headbutt          ||    12
  Eat: Chunk             ||     1
Armor: Leather armour    ||    10
       Chain mail        ||    10
Dodge: Dodged            ||    58

Table legend:
 A = Spawn XP
 B = Non-spawn XP
 C = Spawn XP percentage of total XP
 D = Spawn monster count
 E = Non-spawn monster count
 F = Spawn count percentage of total count
 G = Total turns spent on level
                    A         B        C        D         E        F      G
               +---------+---------+-------+---------+---------+-------+---------
         Total |       0 |      95 |   0.0 |       0 |      41 |   0.0 |  1060
               +---------+---------+-------+---------+---------+-------+---------
           D:1 |       0 |      42 |   0.0 |       0 |      25 |   0.0 |   584
           D:2 |       0 |      53 |   0.0 |       0 |      16 |   0.0 |   476
               +---------+---------+-------+---------+---------+-------+---------
